 Dungeon Sprint DCSS version 0.16-a0-66-gff12a3a (webtiles) character file.

16774 BluebellGnoll the Bludgeoner (level 12, 3/128 HPs)
             Began as a Troll Hunter on Aug 7, 2014.
             Was the Champion of Okawaru.
             Quit the game in the Dungeon (Sprint IX: "|||||||||||||||||||||||||||||").
             The game lasted 00:28:19 (2061 turns).

BluebellGnoll the Bludgeoner (Troll Hunter)         Turns: 2061, Time: 00:28:19

HP   3/128       AC  7     Str 27      XL: 12   Next: 13%
MP   8/14        EV 16     Int  7      God: Okawaru [******]
Gold 1103        SH  0     Dex 14      Spells:  0 memorised, 11 levels left

rFire  + . .     SeeInvis .     o - +4 dire flail (crush)
rCold  x . .     Clarity  .     b - +0 animal skin
rNeg   . . .     rCorr    .     (shield restricted)
rPois  .         rRot     .     c - +0 hat {MR+}
rElec  .         Spirit   .     K - +1 cloak
SustAb .         Warding  .     (gloves unavailable)
rMut   .         NoTele   +     (boots unavailable)
Gourm  +                        (no amulet)
MR     +....                    w - +4 ring of dexterity
                                J - ring of fire

@: lethally poisoned, very slightly contaminated, somewhat resistant to hostile
enchantments, very unstealthy
A: unfitting armour, claws 3, fast metabolism 3, gourmand, regeneration 2,
saprovore 2, shaggy fur 1, tough skin 2
a: Heroism, Finesse, Renounce Religion


You were in the Dungeon.
You worshipped Okawaru.
Okawaru was exalted by your worship.
You were completely stuffed.

You visited 1 branch You collected 1903 gold pieces.
You spent 800 gold pieces at shops.

Inventory:

Hand weapons
 o - a +4 dire flail of crushing (weapon)
 C - a +1 morningstar of draining
 D - the +0 long sword "Kagurr" {venom, +Fly rF+}
   (You bought it in a shop in the Dungeon)

   It poisons the flesh of those it strikes.
   It protects you from fire.
   It lets you fly.
 E - the +4 long sword of Saitaal {antimagic, rElec rF+ rC++}
   (You bought it in a shop in the Dungeon)

   It disrupts the flow of magical energy around spellcasters and certain
   magical creatures (including the wielder).
   It protects you from fire.
   It greatly protects you from cold.
   It insulates you from electricity.
Missiles
 g - 14 stones
 F - 5 poisoned javelins
 O - 3 large rocks (quivered)
Armour
 b - a +0 animal skin (worn)
 c - a +0 hat of magic resistance (worn)
 d - a +0 animal skin
 p - a +0 cloak
 y - a +2 hat
 A - a +0 robe of cold resistance
 K - a +1 cloak (worn)
Magical devices
 n - a wand of cold (7)
Comestibles
 a - 14 meat rations
 r - 40 fruits
 z - 12 bread rations
 N - 2 chunks of fire dragon flesh
Scrolls
 j - a scroll of blinking
 l - 4 scrolls of remove curse
 m - 2 scrolls of amnesia
 v - 2 scrolls of fear
 x - 3 scrolls of fog
Jewellery
 q - a +3 ring of strength
 w - a +4 ring of dexterity (right claw)
 B - an uncursed ring of protection from cold
 G - an uncursed ring of poison resistance
 H - an uncursed ring of sustain abilities
 I - an uncursed ring of see invisible
 J - a ring of fire (left claw)
Potions
 e - 5 potions of curing
 f - 5 potions of heal wounds
 h - 4 potions of magic
 i - 3 potions of berserk rage
 k - a potion of invisibility
 s - 2 potions of haste
 t - a potion of resistance
 u - a potion of cure mutation
 L - 2 potions of brilliance
 M - a potion of restore abilities


   Skills:
 - Level 10.7 Fighting
 * Level 16.4 Maces & Flails
 - Level 15.4 Throwing
 - Level 11.1 Dodging
 - Level 0.4 Stealth
 - Level 1.0 Unarmed Combat
 * Level 4.8 Invocations


You had 11 spell levels left.
You didn't know any spells.

Dungeon Overview and Level Annotations

Branches:
Dungeon (1/1)

Altars:
Cheibriados
Dithmenos
Elyvilon
Fedhas
Gozag
Kikubaaqudgha
Makhleb
Nemelex Xobeh
Okawaru
Qazlal
Sif Muna
Trog
Vehumet
Xom
Yredelemnul
Zin
The Shining One
Beogh
Jiyva
Lugonu

Shops:
D *:((


Innate Abilities, Weirdness & Mutations

You are too large for most types of armour.
You have claws for hands.
Your metabolism is lightning-fast.
You like to eat raw meat.
You heal very quickly.
You can eat rotten meat.
You are covered in fur (AC +1).
You have very tough skin (AC +2).


Message History

The bolt of cold hits the green very ugly thing.
The green very ugly thing is moderately wounded.
The bolt of cold hits the fire giant.
The fire giant is moderately wounded.
This wand has 7 charges left.
* * * LOW HITPOINT WARNING * * *
You feel extremely sick.
The green very ugly thing engulfs you but does no damage.
Unknown command.
Read which item? (? for menu, Esc to quit)
Blink to where?
Press: ? - help, Dir - move target cursor, p - fire giant
As you read the scroll of blinking, it crumbles to dust.
You are very lightly contaminated with residual magic.
* * * LOW HITPOINT WARNING * * *
You feel extremely sick.
* * * LOW HITPOINT WARNING * * *
You feel very sick.
You see here the +8 Wrath of Trog {antimagic, *Rage}.
Are you sure you want to abandon this character and quit the game? (Confirm with "yes".)

▓▓▓▓▓▓▓▓▓▓▓▓▓▓▓▓▓▓▓▓▓▓▓▓▓▓▓▓▓▓▓▓▓
.)[C...[u.[[[[[.@))))))).....'...
▓▓▓▓▓▓▓▓▓▓▓▓▓▓▓▓▓▓▓▓▓▓▓▓▓▓▓▓▓▓▓▓▓
.................................
▓▓▓▓▓▓▓▓▓▓▓▓▓▓▓▓▓▓▓▓▓▓▓▓▓▓▓▓▓▓▓▓▓
.....[)....'....[)..[))[)'....[[[
▓▓▓▓▓▓▓▓▓▓▓▓▓▓▓▓▓▓▓▓▓▓▓▓▓▓▓▓▓▓▓▓▓
......................[.[[[.)....
▓▓▓▓▓▓▓▓▓▓▓▓▓▓▓▓▓▓▓▓▓▓▓▓▓▓▓▓▓▓▓▓▓
)....%.'.........'......)......'.


You could see a green very ugly thing.

Vanquished Creatures
  Gastronok (D)
  An ettin (D)
  A fire dragon (D)
  A hydra (D)
  A centaur warrior (D)
  An ogre mage (D)
  An unseen horror (D)
  2 hill giants (D)
  5 deep trolls (D)
  4 orc knights (D)
  A wolf spider (D)
  2 spiny frogs (D)
  An efreet (D)
  2 black mambas (D)
  6 trolls (D)
  A komodo dragon (D)
  A giant leech (D)
  A blink frog (D)
  A yak (D)
  A wyvern (D)
  2 vampire mosquitoes (D)
  2 hippogriffs (D)
  An ogre (D)
  2 crocodiles (D)
  10 orc warriors (D)
  3 giant frogs (D)
  An eye of draining (D)
  A wight (D)
  3 hounds (D)
  4 crimson imps (D)
  2 iguanas (D)
  2 orc wizards (D)
  4 orc priests (D)
  4 adders (D)
  A shadow imp (D)
  An ooze (D)
  6 orcs (D)
  A bat skeleton (D)
  2 goblins (D)
  A hobgoblin (D)
  A quokka (D)
  A bat (D)
  3 giant newts (D)
  A goblin skeleton (D)
  A kobold (D)
  A kobold skeleton (D)
96 creatures vanquished.

Notes
Turn   | Place    | Note
--------------------------------------------------------------
     0 | D        | BluebellGnoll, the Troll Hunter, began the quest for the Orb.
     0 | D        | Reached XP level 1. HP: 19/19 MP: 1/1
     8 | D        | Reached skill level 4 in Throwing
    30 | D        | Reached XP level 2. HP: 23/29 MP: 1/1
    40 | D        | Found a glowing silver altar of Zin.
    40 | D        | Found a glowing golden altar of the Shining One.
    40 | D        | Found an ancient bone altar of Kikubaaqudgha.
    40 | D        | Found a basalt altar of Yredelemnul.
    40 | D        | Found a shimmering altar of Xom.
    40 | D        | Found a radiant altar of Vehumet.
    40 | D        | Found an iron altar of Okawaru.
    41 | D        | Found a burning altar of Makhleb.
    42 | D        | Found a deep blue altar of Sif Muna.
    43 | D        | Found a bloodstained altar of Trog.
    44 | D        | Found a sparkling altar of Nemelex Xobeh.
    45 | D        | Found a white marble altar of Elyvilon.
    46 | D        | Found a roughly hewn altar of Beogh.
    47 | D        | Found a viscous altar of Jiyva.
    48 | D        | Found a corrupted altar of Lugonu.
    49 | D        | Became a worshipper of Warmaster Okawaru
    93 | D        | Found a blossoming altar of Fedhas.
    94 | D        | Found a snail-covered altar of Cheibriados.
    95 | D        | Found a shadowy altar of Dithmenos.
    96 | D        | Found a stormy altar of Qazlal.
    97 | D        | Found an opulent altar of Gozag.
   133 | D        | Noticed a wight
   133 | D        | Noticed a crimson imp
   133 | D        | Noticed a hound
   144 | D        | Killed a hound
   144 | D        | Reached XP level 3. HP: 27/36 MP: 2/2
   145 | D        | Reached skill level 5 in Maces & Flails
   147 | D        | Killed a crimson imp
   147 | D        | Reached skill level 6 in Maces & Flails
   147 | D        | Reached XP level 4. HP: 34/44 MP: 2/2
   150 | D        | Killed a wight
   150 | D        | Reached skill level 7 in Maces & Flails
   154 | D        | Killed an unseen horror
   154 | D        | Acquired Okawaru's first power
   154 | D        | Reached skill level 13 in Maces & Flails
   154 | D        | Reached XP level 5. HP: 32/50 MP: 2/2
   154 | D        | Reached XP level 6. HP: 37/59 MP: 3/3
   154 | D        | Reached XP level 7. HP: 41/66 MP: 3/3
   183 | D        | Noticed an ogre
   183 | D        | Noticed an iguana
   183 | D        | Noticed a crimson imp
   183 | D        | Noticed an orc warrior
   183 | D        | Noticed a centaur warrior
   185 | D        | Killed a crimson imp
   186 | D        | Killed an orc warrior
   187 | D        | Killed an iguana
   189 | D        | Killed an ogre
   189 | D        | Reached skill level 14 in Maces & Flails
   192 | D        | Killed a centaur warrior
   192 | D        | Acquired Okawaru's second power
   192 | D        | Reached skill level 15 in Maces & Flails
   192 | D        | Reached XP level 8. HP: 14/74 MP: 3/3
   336 | D        | Noticed a black mamba
   336 | D        | Noticed a black mamba
   336 | D        | Noticed a komodo dragon
   336 | D        | Noticed a hound
   336 | D        | Noticed a hound
   339 | D        | Killed a hound
   340 | D        | Killed a hound
   341 | D        | Noticed an iguana
   348 | D        | Killed a komodo dragon
   348 | D        | Reached skill level 5 in Fighting
   349 | D        | Killed a black mamba
   349 | D        | Reached XP level 9. HP: 22/93 MP: 1/4
   350 | D        | Killed an iguana
   350 | D        | HP: 4/93 [black mamba (3)]
   354 | D        | Killed a black mamba
   449 | D        | Noticed a giant frog
   449 | D        | Noticed a hippogriff
   449 | D        | Noticed a yak
   449 | D        | Noticed an eight-headed hydra
   449 | D        | Noticed a crocodile
   449 | D        | Noticed a hippogriff
   452 | D        | Killed a hippogriff
   453 | D        | Noticed a wyvern
   454 | D        | Killed a yak
   454 | D        | Killed a hippogriff
   454 | D        | Reached skill level 5 in Dodging
   455 | D        | Noticed a crocodile
   455 | D        | Killed a crocodile
   457 | D        | Killed an eight-headed hydra
   457 | D        | Received a gift from Okawaru
   463 | D        | Killed a giant frog
   464 | D        | Killed a wyvern
   465 | D        | Killed a crocodile
   465 | D        | Reached XP level 10. HP: 50/106 MP: 3/4
   552 | D        | Noticed a spiny frog
   552 | D        | Noticed a giant leech
   552 | D        | Noticed a spiny frog
   552 | D        | Noticed a giant frog
   552 | D        | Noticed a vampire mosquito
   552 | D        | Noticed a giant frog
   552 | D        | Noticed a blink frog
   556 | D        | Killed a blink frog
   560 | D        | Killed a giant frog
   562 | D        | Killed a vampire mosquito
   565 | D        | Noticed a vampire mosquito
   565 | D        | Killed a spiny frog
   565 | D        | Reached skill level 10 in Dodging
   567 | D        | Killed a giant frog
   570 | D        | Killed a spiny frog
   575 | D        | Killed a giant leech
   579 | D        | Killed a vampire mosquito
   753 | D        | Noticed an orc priest
   753 | D        | Noticed an orc priest
   753 | D        | Noticed an ettin
   753 | D        | Noticed an orc knight
   759 | D        | Killed an orc priest
   761 | D        | Noticed an orc priest
   761 | D        | Killed an ettin
   761 | D        | Received a gift from Okawaru
   761 | D        | Killed an orc priest
   765 | D        | Noticed an orc wizard
   765 | D        | Killed an orc knight
   769 | D        | Killed an orc priest
   772 | D        | Killed an orc wizard
   778 | D        | Noticed an orc priest
   784 | D        | Killed an orc priest
   849 | D        | Noticed an orc warrior
   849 | D        | Noticed an orc warrior
   849 | D        | Noticed an orc warrior
   849 | D        | Noticed an orc warrior
   849 | D        | Noticed an orc warrior
   849 | D        | Noticed an orc knight
   849 | D        | Noticed an orc knight
   894 | D        | Killed an orc knight
   901 | D        | Killed an orc knight
   905 | D        | Killed an orc warrior
   905 | D        | Reached XP level 11. HP: 60/115 MP: 4/4
   911 | D        | Killed an orc warrior
   911 | D        | Reached skill level 10 in Throwing
  1037 | D        | Killed an orc warrior
  1069 | D        | Killed an orc warrior
  1109 | D        | Killed an orc warrior
  1119 | D        | Noticed an orc warrior
  1137 | D        | Killed an orc warrior
  1173 | D        | Noticed an orc warrior
  1198 | D        | Killed an orc warrior
  1219 | D        | Noticed an orc warrior
  1242 | D        | Killed an orc warrior
  1264 | D        | Noticed an orc wizard
  1267 | D        | Killed an orc wizard
  1281 | D        | Noticed an orc warrior
  1289 | D        | Killed an orc warrior
  1303 | D        | Found Woxask's Antique Weapon Boutique.
  1303 | D        | Noticed a troll
  1303 | D        | Noticed a troll
  1303 | D        | Noticed a troll
  1303 | D        | Noticed an ogre mage
  1303 | D        | Noticed a troll
  1303 | D        | Noticed a hill giant
  1306 | D        | Noticed a hill giant
  1357 | D        | Killed a hill giant
  1362 | D        | Killed a troll
  1370 | D        | Killed an ogre mage
  1381 | D        | Killed a troll
  1387 | D        | Received a gift from Okawaru
  1414 | D        | Killed a troll
  1486 | D        | Killed a troll
  1486 | D        | Received a gift from Okawaru
  1500 | D        | Killed a hill giant
  1521 | D        | Found Klaec's Antique Weapon Shop.
  1524 | D        | Found Stezafai's Book Boutique.
  1526 | D        | Noticed a deep troll
  1552 | D        | Killed a deep troll
  1573 | D        | Found Stoycros' Assorted Antiques.
  1575 | D        | Noticed a deep troll
  1593 | D        | Killed a deep troll
  1598 | D        | Noticed a deep troll
  1605 | D        | Killed a deep troll
  1605 | D        | Received a gift from Okawaru
  1607 | D        | Noticed a deep troll
  1614 | D        | Killed a deep troll
  1624 | D        | Noticed a troll
  1631 | D        | Killed a troll
  1631 | D        | Reached skill level 15 in Throwing
  1639 | D        | Noticed a deep troll
  1645 | D        | Killed a deep troll
  1717 | D        | Bought a granite ring for 150 gold pieces
  1722 | D        | Bought a runed morningstar for 84 gold pieces
  1731 | D        | Bought a potion of haste for 210 gold pieces
  1746 | D        | Bought an encrusted long sword for 178 gold pieces
  1746 | D        | Bought a twisted long sword for 178 gold pieces
  1747 | D        | Identified the cursed +0 long sword "Kagurr" {venom, +Fly rF+} (You bought it in a shop in the Dungeon)
  1750 | D        | Identified the +4 long sword of Saitaal {antimagic, rElec rF+ rC++} (You bought it in a shop in the Dungeon)
  1821 | D        | Noticed Gastronok
  1838 | D        | Killed Gastronok
  1838 | D        | Reached skill level 10 in Fighting
  1955 | D        | Noticed an eye of draining
  1955 | D        | Noticed an orc knight
  1955 | D        | Noticed an efreet
  1955 | D        | Noticed a crimson imp
  1955 | D        | Noticed a troll
  1955 | D        | Noticed a crimson imp
  1966 | D        | Killed a troll
  1966 | D        | Reached skill level 16 in Maces & Flails
  1966 | D        | Reached skill level 1 in Invocations
  1967 | D        | Killed a crimson imp
  1970 | D        | Killed a crimson imp
  1977 | D        | Noticed a wolf spider
  1977 | D        | Killed an efreet
  1977 | D        | Reached XP level 12. HP: 101/128 MP: 0/9
  1979 | D        | Noticed a fire dragon
  1984 | D        | Killed an orc knight
  1994 | D        | Killed an eye of draining
  1998 | D        | Killed a wolf spider
  2010 | D        | Killed a fire dragon
  2010 | D        | Received a gift from Okawaru
  2041 | D        | Noticed a green very ugly thing
  2043 | D        | Noticed a fire giant
  2044 | D        | Noticed a centaur warrior
  2060 | D        | HP: 3/128 [poisoned by a green very ugly thing]
  2061 | D        | Quit the game

Action                   |  1- 3 |  4- 6 |  7- 9 | 10-12 || total
-------------------------+-------+-------+-------+-------++-------
Melee: Unarmed           |    20 |       |       |       ||    20
       Dire flail        |    12 |     2 |    15 |   109 ||   138
Throw: Large rock        |     1 |     3 |     8 |    56 ||    68
       Throwing net      |       |       |     1 |     3 ||     4
       Stone             |       |       |     1 |    62 ||    63
       Javelin           |       |       |       |    29 ||    29
Invok: Heroism           |       |       |     2 |     5 ||     7
Evoke: Wand              |       |       |    11 |     6 ||    17
  Use: Potion            |     1 |       |     1 |     1 ||     3
       Scroll            |       |       |     3 |     3 ||     6
 Stab: Held in net/web   |       |       |       |     3 ||     3
  Eat: Chunk             |       |       |     6 |    18 ||    24
